 Dungeon Crawl Stone Soup version 0.31.0-11-ge490571c62 (webtiles) character file.

Game seed: 8067525306152897906

56 Flugkiller the Chiller (level 3, 0/16 HPs)
             Began as a Vine Stalker Ice Elementalist on Feb 3, 2024.
             Was an Initiate of Sif Muna.
             Slain by an ufetubus (4 damage)
             ... on level 5 of the Dungeon.
             The game lasted 00:02:37 (754 turns).

Flugkiller the Chiller (VSIE)                        Turns: 754, Time: 00:02:38

Health: 0/16       AC:  2    Str: 10    XL:     3   Next: 97%
Magic:  0/8        EV: 12    Int: 17    God:    Sif Muna [......]
Gold:   93         SH:  0    Dex: 14    Spells: 1/8 levels left

rFire   . . .        f - +0 orcbow
rCold   . . .        (shield currently unavailable)
rNeg    . . .        a - +0 robe
rPois   .            (no helmet)
rElec   .            (no cloak)
rCorr   .            (no gloves)
SInv    .            (no boots)
Will    .....        (no amulet)
Stlth   ++           (no ring)
HPRegen 1.02/turn    (no ring)
MPRegen 0.11/turn

%: guardian spirit
@: no status effects
A: fangs 2, regeneration 1, magic shield, antimagic bite, no potion heal 2
a: Renounce Religion


You were on level 5 of the Dungeon.
You worshipped Sif Muna.
Sif Muna was noncommittal.
You visited 2 branches of the dungeon, and saw 6 of its levels.

You collected 93 gold pieces.

Inventory:

Hand Weapons
 d - a +0 short sword
   (You took it off a kobold on level 1 of the Dungeon)
 f - a +0 orcbow (weapon)
   (You found it on level 2 of the Dungeon)
Armour
 a - a +0 robe (worn)
Scrolls
 c - a scroll of vulnerability {unknown}
 h - a scroll of blinking {unknown}
 i - 2 scrolls of silence {unknown}
 j - a scroll of identify {unknown}
Potions
 b - a potion of magic
 e - 2 potions of brilliance {unknown}
 g - a potion of resistance {unknown}
 k - a potion of heal wounds {unknown}


   Skills:
 - Level 1.5 Dodging
 - Level 2.4 Stealth
 + Level 3.3 Spellcasting
 + Level 4.7 Ice Magic


You had one spell level left.
You knew the following spells:

 Your Spells              Type           Power      Damage    Failure   Level
a - Freeze                Ice            76%        1d8       2%          1
b - Frozen Ramparts       Ice            38%        1d6       7%          3
c - Ozocubu's Armour      Ice            19%        N/A       7%          3

Your spell library contained the following spells:

 Spells                   Type           Power      Damage    Failure   Level
 Sandblast                Erth           4%         2d4       17%         1
 Summon Small Mammal      Summ           8%         N/A       17%         1
 Summon Ice Beast         Ice/Summ       10%        N/A       19%         3
 Call Canine Familiar     Summ           2%         N/A       45%         3
 Passwall                 Erth           2%         N/A       45%         3
 Stone Arrow              Conj/Erth      4%         3d7       45%         3
 Brom's Barrelling Bould  Conj/Erth      2%         2d3       86%         4
 Summon Blazeheart Golem  Fire/Summ      2%         N/A       86%         4


Dungeon Overview and Level Annotations

Branches:
Dungeon (5/15) Zot: 26826  Temple (1/1) D:4 Zot: 5976

Altars:
Ashenzari
Cheibriados
Dithmenos
Elyvilon
Hepliaklqana
Kikubaaqudgha
Makhleb
Qazlal
Ru
Sif Muna
Trog
Wu Jian
The Shining One

Annotations:
D:5 Eustachio


Innate Abilities, Weirdness & Mutations

You have extremely sharp teeth.
Your natural rate of healing is unusually fast.
When hurt, damage is shared between your health and your magic reserves.
Your bite disrupts and absorbs the magic of your enemies.
Potions cannot restore your health.


Message History

i - 2 scrolls labelled YDWUATZ QUMI (gained 1)
Found 8 gold pieces.
You now have 69 gold pieces (gained 8).
Found an escape hatch in the floor.
There is an escape hatch in the floor here.
You slide downwards.
The hatch slams shut behind you.
Found 10 gold pieces.
You now have 79 gold pieces (gained 10).
Found 5 stones.
Unknown command.
Eustachio the Magnificent comes into view.
He is wielding a +4 rapier of flaming.
Unknown command.
Okay, then.
This spell is extremely dangerous to cast!
You start memorising the spell.
You continue memorising. x3
You finish memorising.
Spell assigned to 'c'.
Found a book of Callings.
Found a robe.
You pick up a book of Callings and begin reading...
You add the spells Summon Small Mammal, Call Canine Familiar and Summon Blazeheart Golem to your library.
Found a stone staircase leading up.
Found an escape hatch in the floor.
There is a stone staircase leading up here.
You climb upwards.
Found a stone staircase leading down.
There is a stone staircase leading down here.
You shoot an arrow. The arrow hits the dart slug.
The dart slug is severely wounded.
A ball python comes into view.
Casting: Freeze (safe; 2% risk of failure)
Confirm with . or Enter, or press ? or * to list all spells.
Aiming: Freeze (safe; 2% risk of failure)
Press: ? - help, Shift-Dir - straight line, f/p - dart slug
Aim: a dart slug (severely wounded)
You freeze the dart slug!
You kill the dart slug!
Casting: Freeze (safe; 2% risk of failure)
Confirm with . or Enter, or press ? or * to list all spells.
Aiming: Freeze (safe; 2% risk of failure)
Press: ? - help, Shift-Dir - straight line, f - ball python
Aim: a ball python You freeze the ball python!
You kill the ball python!
The endoplasm jiggles.
Casting: Freeze (safe; 2% risk of failure)
Confirm with . or Enter, or press ? or * to list all spells.
Aiming: Freeze (safe; 2% risk of failure)
Press: ? - help, Shift-Dir - straight line, f - ball python
Aim: a ball python You freeze the ball python.
You kill the ball python!
You see here a ball python corpse.
Found a sapphire potion.
Found a staircase to the Ecumenical Temple.
Casting: Freeze (safe; 2% risk of failure)
Confirm with . or Enter, or press ? or * to list all spells.
Aiming: Freeze (safe; 2% risk of failure)
Press: ? - help, Shift-Dir - straight line, f - endoplasm
Aim: an endoplasm You freeze the endoplasm!
You kill the endoplasm!
Casting: Freeze (safe; 2% risk of failure)
Confirm with . or Enter, or press ? or * to list all spells.
You can't see any susceptible monsters within range! (Use Z to cast anyway.)
There is a staircase to the Ecumenical Temple here.
You climb downwards.
Welcome to the Ecumenical Temple!
Found a staircase back to the Dungeon.
There is a staircase back to the Dungeon here.
Found a white marble altar of Elyvilon.
Found a shimmering blue altar of Sif Muna.
There is a shimmering blue altar of Sif Muna here.
You kneel at the altar of Sif Muna.
Sif Muna welcomes you!
Magic restored.
There is a staircase back to the Dungeon here.
You climb upwards.
Welcome back to the Dungeon!
There is a staircase to the Ecumenical Temple here.
Unknown command.
Found 14 gold pieces.
k - a sapphire potion You now have 93 gold pieces (gained 14).
There is a stone staircase leading down here.
You climb downwards.
Level annotation: Eustachio The ufetubus shouts! x2
The ufetubus closely misses you. The ufetubus hits you. x3
There is a stone staircase leading up here.
The ufetubus hits you. The ufetubus misses you. The ufetubus slips past you!
The ufetubus hits you. x2; The ufetubus misses you.
The ufetubus barely misses you.
You shoot an arrow. The arrow closely misses the ufetubus.
The ufetubus closely misses you. x3; The ufetubus barely misses you.
The ufetubus closely misses you. x2; The ufetubus hits you.
The ufetubus closely misses you. The ufetubus hits you.
The ufetubus misses you.
There is a stone staircase leading up here.
The ufetubus hits you.
* * * LOW HITPOINT WARNING * * *
The ufetubus misses you. The ufetubus hits you.
You die...

#.# #.# #.#
#.# #.# #.#
#.####.# ###
#55....# #..
#@.....# #..
#..........
#..
.............
#..
#######.######
#.. .. #.. ##.
#.# # #.# #.#
#.#


You could see 2 ufetubi.

Vanquished Creatures
  2 adders
  2 dart slugs
  2 bats (D:2)
  3 endoplasms
  3 goblins
  5 hobgoblins
  4 kobolds
  2 quokkas
  4 ball pythons
  A frilled lizard (D:1)
  3 rats
31 creatures vanquished.

Vanquished Creatures (others)
  A sleepcap (D:4)
1 creature vanquished.

Grand Total: 32 creatures vanquished

Notes
Turn   | Place    | Note
-------+----------+-------------------------------------------
     0 | D:1      | Flugkiller the Vine Stalker Ice Elementalist began the
                  | quest for the Orb.
     0 | D:1      | Reached XP level 1. HP: 9/9 MP: 4/4
    86 | D:1      | Reached XP level 2. HP: 13/13 MP: 0/6
   345 | D:2      | Reached XP level 3. HP: 16/16 MP: 4/8
   480 | D:4      | Found an ornate altar of the Wu Jian Council.
   504 | D:4      | Identified the +0 plate armour of Wu Jian's Regard {rF+}
   514 | D:4      | Learned a level 3 spell: Frozen Ramparts
   558 | D:5      | Entered Level 5 of the Dungeon
   600 | D:5      | Noticed Eustachio
   638 | D:5      | Learned a level 3 spell: Ozocubu's Armour
   688 | D:4      | Found a staircase to the Ecumenical Temple.
   697 | Temple   | Entered the Ecumenical Temple
   709 | Temple   | Became a worshipper of Sif Muna the Loreminder
   754 | D:5      | Slain by an ufetubus

Illustrated notes

Levels and vault maps discovered:
D:1:      matt_arrival_spirals, layout_loops_corners, item_on_display_a
D:2:      layout_basic
D:3:      layout_basic, nicolae_half_adder, uniq_ijyb
D:4:      layout_loops_ring, grunt_temple_overflow_order_and_chaos_1,
          nicolae_wu_jian_wuxing_cycle, minmay_temple_entry_steel_oval,
          uniq_natasha, uniq_pikel
D:5:      layout_basic, nicolae_tricolors, uniq_eustachio
Temple:   hellmonk_temple_forest_ring

Skill      XL: |  1  2  3 |
---------------+----------+-----
Spellcasting   | 3 |  3.3
Dodging        | |  1.5
Stealth        | |  2.4
Ice Magic      | |  4.7

Action                     || total
---------------------------++-------
  Melee: Unarmed           ||     8
         Bite              ||     4
         Short sword       ||     4
   Fire: Orcbow            ||    17
   Cast: Freeze            ||    29
 Armour: Robe              ||    32
  Dodge: Dodged            ||    33
